Oak, chaotic male elven Priest ---- --- --..--- ---- ---.-- |.....-- --.)| --.... |......-- |...--- |....- --......[------- --.[...| -...------|.........|.--.------------- - |..>...-----------.....--.--.....)..[....^......<.......| -.|.|............).........................-----..------- . |.|---------...........................)..|--I..| - |.| |..............................--.I--- |.| --..................---..--........| |.| |..................| ----|......--- |.| -----..................--- ---....| |.| --...............--.......--------...-- |.| |................................^.|..-- %- --............%------...|.|.---.---|...| . ------........| -------.. ... --..-- --- --.......- .......| |...| ---.---[.. --..|...| --..| --- ---- -----.-- ---- --- Oak the Acolyte Experience level: 5 Strength: 10 Dexterity: 13 Constitution: 12 Intelligence: 11 Wisdom: 20 Charisma: 9 Health: 0(38) Energy: 83(83) Def: 6 Gold: 173 Moves: 1532 Dungeon seed: wno1D2sy5LXRZetW Game ID: Oak_1615411115 Your Inventory: Coins $ - 173 gold pieces Weapons a - a blessed +1 mace (weapon in hand) j - 4 +0 daggers k - 6 +0 arrows (in quiver) o - a +0 bow (alternate weapon; not wielded) K - a blessed +0 dagger Armor e - a +0 robe (being worn) n - a +0 small shield (being worn) q - a +0 orcish helm (being worn) Z - a +0 pair of iron shoes (being worn) Comestibles d - a sprig of wolfsbane Scrolls t - a cursed scroll of identify P - a scroll of blank paper Spellbooks f - a blessed spellbook of healing g - a spellbook of light J - a spellbook of confuse monster Potions b - 3 potions of holy water L - a potion of restore ability O - a potion of fruit juice Q - a potion of invisibility R - a potion of confusion Rings S - a ring of protection from shape changers Tools h - an oil lamp (0:1498) i - a wooden flute l - a tooled horn N - a leash U - 5 wax candles (0:400) V - a +0 pick-axe Gems r - 2 worthless pieces of violet glass y - a worthless piece of orange glass z - a worthless piece of blue glass W - 2 worthless pieces of red glass Spells and supernatural/magical abilities: Name Level Category Fail Memory h - healing 1 healing 0% 93% l - light 1 divination 0% 93% u - confuse monster 2 enchantment 39% 99% W - pray for help -- divine ? -- X - turn undead -- divine ? -- Your skills at the end: Fighting Skills Weapon Skills mace [Basic] Spellcasting Skills clerical spells [Basic] Final Attributes: You were piously aligned. You were sleep resistant. You saw invisible. You had infravision. You were unlucky. Set was angry with you. You are dead. Vanquished creatures: a small mimic 2 gnome lords a gnomish wizard 2 dwarves a wererat a hobbit a large kobold a giant rat 2 green molds 7 gnomes 2 geckos 2 jackals a fox a kobold 2 goblins 3 grid bugs 4 lichens a newt 35 creatures vanquished. Voluntary challenges: You used a wielded weapon 49 times, starting on turn 21. You read items or engraved 6 times, starting on turn 174. You never genocided any monsters. You never polymorphed an object. You never changed form. You used no wishes. You never split a pudding. You never wrote Elbereth's name. You never violated your personal moral code. Dungeon overview: The Dungeons of Doom: levels 1 to 3 Level 1 an altar to Crom, a fountain a long staircase Level 2 a scroll shop, a fountain stairs to The Gnomish Mines Level 3 a potion shop, a fountain The Gnomish Mines: Level 3 <- You were here stairs to The Dungeons of Doom History has recorded: On T:1 you entered the Dungeons of Doom to retrieve the Amulet of Yendor! On T:254 you reached level 2 of The Dungeons of Doom. On T:259 you advanced to experience level 2. On T:549 you reached level 3 of The Dungeons of Doom. On T:574 you advanced to experience level 3. On T:777 you advanced to experience level 4. On T:1134 you reached level 1 of The Gnomish Mines. On T:1178 you advanced to experience level 5. Score breakdown: Gold: 173 ( 7621 points) Experience: 5 levels (11141 points) Exploration: 3 levels ( 6.25%) ( 6188 points) Discoveries: 12 items ( 4.21%) ( 6155 points) Valuables value: (no points given unless you survive) Artifact value: 0 ( 0 points) Variety of kills: 18 monsters ( 4.72%) ( 6520 points) Turncount: 1532 turns ( 0 points) Survival: died (score multiplied by 80%) Total score: 30100 Latest messages: You faint from lack of food. You feel less confused now. You come to. You begin praying to Set. You feel that Set is displeased. You faint from lack of food. You come to. You faint from lack of food. You come to. You feel agile! You must have been working on your reflexes. You faint from lack of food. You come to. You faint from lack of food. It just misses! It bites! (9x) You come to. You miss the kobold lord. The homunculus bites! The kobold lord thrusts his broad short sword. The kobold lord hits! You faint from lack of food. It bites! (2x) It hits! You die... Final status: Goodbye Oak the Priest, killed by a kobold lord, while fainted from lack of food... You died in The Gnomish Mines on dungeon level 3 with 30100 points, and 173 pieces of gold, after 1532 moves. You were level 5 with a maximum of 38 hit points when you died.